 Dungeon Crawl Stone Soup version 0.17.1-1-g73c8601 (webtiles) character file.

190 MirrMurr the Covert (level 5, -8/24 HPs)
             Began as a Spriggan Enchanter on Dec 27, 2015.
             Killed by nerve-wracking pain
             ... invoked by an orc priest
              (12 damage)
             ... on level 3 of the Dungeon.
             The game lasted 00:07:16 (3385 turns).

MirrMurr the Covert (Spriggan Enchanter)            Turns: 3385, Time: 00:07:16

Health: -8/24      AC:  5    Str:  4    XL:     5   Next: 41%
Magic:  1/12       EV: 18    Int: 18    God:
Gold:   181        SH:  0    Dex: 16    Spells: 4 memorised, 3 levels left

rFire  . . .     SeeInvis +     a - +2 dagger
rCold  . . .     Clarity  .     w - +2 robe
rNeg   . . .     SustAt   .     (shield restricted)
rPois  .         Gourm    .     (helmet restricted)
rElec  .         Spirit   .     r - +0 cloak
rCorr  .         Warding  .     (gloves unavailable)
rMut   .         Stasis   .     (boots unavailable)
MR     .....                    (no amulet)
Stlth  +++++.....               (no ring)
                                (no ring)

@: very slightly contaminated, very quick, not resistant to hostile
enchantments, quite stealthy
A: unfitting armour, see invisible, herbivore 3, speed 3, slow metabolism 2
a: no special abilities


You were on level 3 of the Dungeon.
You were not hungry.

You visited 1 branch of the dungeon, and saw 3 of its levels.

You collected 181 gold pieces.

Inventory:

Hand Weapons
 a - a +2 dagger (weapon)
 b - a +0 blowgun
Missiles
 f - 89 stones (quivered)
 l - 5 needles of confusion
 v - 9 poisoned needles
Armour
 p - a +2 buckler
 r - a +0 cloak (worn)
 w - a +2 robe (worn)
Wands
 i - a wand of flame (31)
Scrolls
 k - 3 scrolls of remove curse
 n - a scroll of magic mapping
 x - a scroll of enchant weapon
 y - a scroll of identify
Potions
 e - a potion of ambrosia
 g - a potion of magic
 h - 2 potions of curing
 j - 2 potions of agility
 o - a potion of haste
 q - 2 potions of degeneration {unknown}
 s - 2 potions of flight {unknown}
 t - a potion of resistance {unknown}
Books
 c - a book of Maledictions

   Spells                             Type                      Level
   a - Corona                         Hexes                        1
   b - Ensorcelled Hibernation        Hexes/Ice                    2
   c - Confuse                        Hexes                        3
   d - Tukima's Dance                 Hexes                        3
   e - Dazzling Spray                 Conjuration/Hexes            3
Comestibles
 d - 3 bread rations
 u - 3 fruits


   Skills:
 - Level 1.1 Short Blades
 - Level 3.0 Dodging
 * Level 8.7 Stealth
 + Level 4.0 Spellcasting
 - Level 3.6 Hexes


You had 3 spell levels left.
You knew the following spells:

 Your Spells              Type           Power        Failure   Level  Hunger
a - Ensorcelled Hibernat  Hex/Ice        ##....       12%         2    ##.....
b - Confuse               Hex            ###.....     12%         3    ###....
c - Corona                Hex            ###....      3%          1    None
d - Dazzling Spray        Conj/Hex       ##......     24%         3    ###....


Dungeon Overview and Level Annotations

Branches:
Dungeon (3/15)

Altars:
Makhleb
Trog
Zin
The Shining One


Innate Abilities, Weirdness & Mutations

You are tiny and cannot use many weapons and most armour.
You have supernaturally acute eyesight.
You are a herbivore.
You cover ground extremely quickly.
You need consume almost no food.


Message History

You don't have enough magic to cast that spell.
Unknown command.
You hit the orc priest.
The orc priest is lightly wounded.
The orc priest completely misses you.
You hit the orc priest.
The orc priest is moderately wounded.
The orc priest miscasts a cantrip.
You hit the orc priest but do no damage.
The orc priest is moderately wounded.
The orc priest invokes the aid of Beogh against you.
Something smites you!
Ouch! That really hurt!
* * * LOW HITPOINT WARNING * * *
You hit the orc priest.
The orc priest is moderately wounded.
The orc priest calls down the wrath of Beogh upon you.
Pain shoots through your body!
Ouch! That really hurt!
You die...

.....#
#.#..##########*******#####
...............,,,,,,,....#
#.#.##.......##****###....#
....##.........,,,,,......#
........##.####*****......#
........##.# *#.....#
......[#...##########.....#
#...####........@oo.......#
....##...###########......#
##.#.†..## ##...<....#
.....##.# #.o########
....#...# ######.##
....#...# ##.....o.#
.####''####..###...#######
.#........#...##o........#
.#........###.#o..######.#


You could see an orc priest and an orc.

Vanquished Creatures
  Crazy Yiuf (D:2)
  An orc priest (D:3)
  Terence (D:2)
  An adder (D:2)
  3 worms
  A giant gecko (D:3)
  8 orcs
  9 bats
  4 giant cockroaches
  10 goblins
  4 hobgoblins
  7 jackals
  11 kobolds
  2 quokkas (D:2)
  4 giant newts
  16 rats
83 creatures vanquished.

Notes
Turn   | Place    | Note
--------------------------------------------------------------
     0 | D:1      | MirrMurr the Spriggan Enchanter began the quest for the Orb.
     0 | D:1      | Reached XP level 1. HP: 9/9 MP: 5/5
    39 | D:1      | Reached skill level 5 in Stealth
    62 | D:1      | Reached XP level 2. HP: 13/13 MP: 6/6
    78 | D:1      | Learned a level 2 spell: Ensorcelled Hibernation
   234 | D:1      | Reached skill level 6 in Stealth
   461 | D:1      | Reached XP level 3. HP: 14/16 MP: 8/8
   468 | D:1      | Learned a level 3 spell: Confuse
   947 | D:2      | Found a glowing silver altar of Zin.
  1017 | D:2      | Found a burning altar of Makhleb.
  1061 | D:2      | Reached skill level 7 in Stealth
  1198 | D:2      | Noticed Terence
  1201 | D:2      | Killed Terence
  1201 | D:2      | Reached XP level 4. HP: 21/21 MP: 9/9
  1206 | D:2      | Learned a level 3 spell: Dazzling Spray
  1580 | D:2      | Noticed Crazy Yiuf
  1586 | D:2      | Killed Crazy Yiuf
  1586 | D:2      | Reached skill level 8 in Stealth
  1941 | D:3      | Reached XP level 5. HP: 11/24 MP: 8/11
  2488 | D:3      | Found a glowing golden altar of the Shining One.
  2490 | D:3      | Found a bloodstained altar of Trog.
  3385 | D:3      | Killed from afar by an orc priest

Action                   |  1- 3 |  4- 6 || total
-------------------------+-------+-------++-------
Melee: Dagger            |   144 |   143 ||   287
 Cast: Ensorcelled Hiber |     1 |     7 ||     8
       Confuse           |       |     1 ||     1
  Use: Scroll            |     6 |     9 ||    15
 Stab: Sleeping          |    12 |    11 ||    23
       Distracted        |       |     3 ||     3
  Eat: Fruit             |       |     2 ||     2
       Pizza             |       |     1 ||     1
